Map: 글리터링 애쉬즈 - 래더

Players

Solar - Winner!

  • Race: Zerg Zerg
  • League: Master

RagnaroK (SHIN)

  • Race: Zerg Zerg
  • League: Master

Event: DreamHack SC2 Masters Last Chance 2022

VOD

Have the link to the VOD?

Description

Time

  • Played on: Dec. 15, 2021, 5:24 a.m.
  • Length: 10:31

All games in this series

Show
View Real Time Build Order
Export as new Build Order

Solar Zerg - Winner!

Build Orders: Hatch First 

Get SALT Encoding   

  12  0:00  Drone  
  13  0:12  Overlord  
  13  0:17  Drone  
  14  0:30  Drone x2  
  16  0:47  Hatchery  
  15  0:51  Drone  
  15  0:54  Drone  
  17  0:57  Drone  
  18  1:09  Extractor  
  17  1:12  Spawning Pool  
  17  1:15  Drone  
  17  1:19  Drone  
  18  1:28  Drone  
  19  1:39  Drone  
  21  1:54  Drone  
  21  1:59  Zergling x2, Queen x2  
  21  2:01  Overlord  
  26  2:09  Drone  
  26  2:10  Metabolic Boost  
  26  2:12  Drone  
  28  2:23  Drone  
  28  2:24  Drone  
  30  2:33  Hatchery  
  30  2:35  Drone  
  30  2:39  Drone  
  31  2:45  Baneling Nest  
  31  2:49  Drone  
  31  2:50  Zergling x2  
  32  2:52  Overlord  
  32  2:57  Drone  
  33  3:04  Drone  
  34  3:08  Drone x2  
  34  3:12  Zergling x6  
  39  3:13  Zergling x4  
  41  3:20  Queen  
  41  3:24  Evolution Chamber  
  41  3:25  Drone  
  43  3:29  Baneling x2  
  43  3:31  Overlord  
  43  3:33  Drone  
  44  3:46  Zergling x2  
  44  3:47  Drone  
  44  3:48  Zergling x8  
  50  3:50  Baneling x2  
  52  3:56  Zergling x4  
  52  4:02  Zergling x4  
  56  4:04  Overlord  
  56  4:08  Zergling x2  
  51  4:18  Roach Warren  
  51  4:22  Drone x2  
  51  4:23  Zergling x4  
  54  4:27  Overlord  
  54  4:29  Hatchery  
  53  4:33  Drone  
  53  4:36  Overlord  
  54  4:41  Drone  
  54  4:43  Drone  
  55  4:51  Drone, Zerg Missile Weapons Level 1  
  55  4:52  Drone  
  54  4:53  Extractor  
  54  4:54  Drone  
  54  4:55  Drone  
  54  4:59  Drone  
  56  5:00  Drone x2  
  56  5:01  Extractor  
  56  5:03  Lair  
  56  5:04  Drone x2  
  59  5:09  Roach x2  
  59  5:13  Roach  
  65  5:16  Roach  
  68  5:21  Roach  
  68  5:23  Overlord  
  68  5:24  Overlord  
  68  5:28  Spine Crawler, Roach  
  68  5:32  Roach  
  71  5:38  Roach x2  
  71  5:40  Drone  
  76  5:43  Drone x3  
  76  5:44  Extractor  
  76  5:47  Roach  
  79  5:53  Roach x2  
  79  5:56  Overlord  
  84  6:04  Drone x3  
  84  6:05  Drone x2  
  84  6:08  Drone  
  90  6:12  Spire  
  90  6:17  Drone  
  90  6:18  Drone x3  
  93  6:19  Extractor  
  93  6:20  Overlord  
  93  6:24  Overlord  
  91  6:30  Drone x4  
  91  6:32  Overseer, Extractor  
  93  6:34  Roach  
  93  6:36  Drone  
  93  6:37  Drone  
  97  6:42  Drone  
  97  6:43  Overlord  
  97  6:45  Glial Reconstitution  
  98  6:48  Roach x2  
  98  6:51  Roach x2  
  98  6:53  Roach  
  108  6:58  Drone x3  
  108  7:00  Roach  
  113  7:03  Overlord  
  113  7:04  Roach  
  113  7:06  Drone  
  113  7:08  Drone  
  117  7:09  Drone  
  117  7:10  Drone  
  117  7:13  Overlord  
  117  7:15  Zerg Missile Weapons Level 2  
  119  7:17  Drone  
  119  7:20  Overlord  
  119  7:21  Overseer  
  120  7:23  Overlord  
  120  7:27  Mutalisk x2  
  124  7:30  Mutalisk  
  124  7:32  Mutalisk  
  124  7:34  Mutalisk  
  129  7:37  Mutalisk  
  131  7:46  Mutalisk  
  131  7:48  Hatchery  
  132  7:51  Overlord  
  132  7:56  Roach x4  
  140  8:00  Overlord  
  140  8:04  Roach  
  140  8:05  Roach x3  
  148  8:09  Roach x2  
  152  8:14  Roach x3  
  152  8:15  Overlord  
  158  8:21  Roach  
  158  8:22  Roach x2  
  158  8:25  Overlord  
  164  8:28  Roach x2  
  164  8:31  Roach  
  164  8:32  Overlord  
  170  8:39  Roach x3  
  173  8:44  Roach x3  
  173  8:48  Roach x2  
  181  8:51  Roach x2  
  181  8:53  Ravager x4  
  189  8:58  Roach x2  
  193  9:03  Roach x2  
  193  9:08  Ravager x2, Roach  
  199  9:14  Overlord  
  199  9:16  Overlord  
  199  9:21  Overlord  
  197  9:33  Roach  
  197  9:36  Roach x3  
  197  9:44  Drone x2  
  197  9:45  Drone  
  197  9:46  Infestation Pit  
  197  9:52  Roach x2  
  189  9:56  Roach x2  
  189  9:58  Roach x2  
  181  10:00  Roach x11  
  181  10:02  Roach  
  181  10:06  Roach  
  185  10:08  Roach  
Show
View Real Time Build Order
Export as new Build Order

RagnaroK Zerg 

Build Orders: Hatch First 

Get SALT Encoding   

  12  0:00  Drone  
  13  0:12  Overlord  
  13  0:16  Drone  
  14  0:31  Drone x2  
  16  0:48  Hatchery  
  15  0:51  Drone  
  15  0:54  Drone  
  17  0:57  Drone  
  18  1:08  Extractor  
  17  1:12  Spawning Pool  
  17  1:16  Drone  
  17  1:19  Drone  
  18  1:28  Drone  
  19  1:48  Drone  
  19  1:50  Drone  
  21  2:00  Zergling x2, Queen x2  
  26  2:01  Overlord  
  26  2:11  Metabolic Boost  
  26  2:14  Drone x2  
  28  2:23  Drone x2  
  30  2:33  Hatchery  
  30  2:36  Drone  
  30  2:38  Drone  
  30  2:43  Drone  
  30  2:44  Drone  
  33  2:49  Baneling Nest  
  32  2:54  Overlord  
  32  3:07  Roach Warren  
  32  3:11  Drone  
  32  3:20  Zergling x14  
  32  3:21  Zergling x2  
  32  3:26  Evolution Chamber  
  39  3:35  Overlord  
  39  3:36  Baneling x2  
  39  3:38  Overlord  
  40  3:50  Roach x3  
  40  3:51  Roach  
  40  3:52  Roach  
  40  3:55  Roach  
  51  4:02  Roach  
  50  4:11  Drone x5  
  50  4:13  Drone  
  46  4:17  Drone x2  
  46  4:20  Drone  
  46  4:21  Drone  
  50  4:24  Zergling x2  
  50  4:25  Zergling x2  
  50  4:30  Evolution Chamber  
  51  4:32  Baneling  
  51  4:34  Drone  
  51  4:35  Drone x2  
  54  4:42  Zergling x2  
  54  4:43  Baneling x3  
  51  4:47  Zergling x4  
  51  4:51  Drone  
  51  4:53  Queen  
  51  4:54  Queen  
  51  4:56  Drone  
  56  5:00  Roach  
  56  5:01  Extractor  
  56  5:05  Roach  
  56  5:06  Drone  
  56  5:07  Drone  
  61  5:11  Drone  
  61  5:16  Queen  
  61  5:17  Drone x2  
  65  5:22  Overlord  
  65  5:31  Lair  
  65  5:32  Overlord  
  65  5:35  Overlord x2  
  65  5:44  Drone  
  65  5:45  Drone x2  
  65  5:47  Extractor  
  65  5:49  Zerg Missile Weapons Level 1  
  67  5:56  Overlord  
  67  5:57  Roach x2  
  67  5:59  Drone  
  72  6:05  Overlord  
  72  6:07  Roach x2  
  72  6:11  Roach  
  76  6:12  Overlord  
  76  6:14  Overlord  
  76  6:15  Drone x2  
  76  6:16  Roach, Overlord  
  80  6:21  Roach  
  82  6:26  Roach x2  
  86  6:34  Drone x7  
  86  6:36  Drone  
  93  6:40  Extractor  
  92  6:51  Glial Reconstitution  
  92  6:54  Drone x5, Extractor  
  92  6:55  Extractor  
  92  6:57  Drone  
  96  7:02  Spire  
  96  7:03  Drone  
  96  7:04  Drone  
  96  7:05  Drone x3  
  96  7:06  Drone x4  
  104  7:10  Overseer  
  104  7:14  Overlord  
  104  7:15  Drone  
  105  7:27  Hatchery, Roach x2  
  105  7:28  Roach x2  
  112  7:31  Overlord  
  112  7:36  Drone, Spore Crawler  
  112  7:37  Spore Crawler  
  112  7:38  Drone  
  112  7:39  Spore Crawler  
  111  7:47  Overlord  
  111  7:49  Drone  
  111  7:50  Drone  
  113  7:51  Drone  
  113  7:52  Hydralisk Den  
  113  7:55  Drone  
  113  7:57  Drone x3  
  117  7:58  Spore Crawler  
  117  7:59  Drone  
  117  8:00  Spore Crawler  
  117  8:03  Zerg Ground Armor Level 1  
  117  8:04  Spore Crawler  
  116  8:20  Hydralisk x9  
  116  8:23  Grooved Spines  
  116  8:25  Overseer  
  134  8:27  Overlord  
  134  8:28  Hydralisk  
  134  8:29  Hydralisk  
  138  8:34  Nydus Network  
  138  8:39  Overlord  
  136  8:43  Hydralisk x3  
  140  8:50  Extractor  
  140  8:53  Roach x5  
  149  8:57  Lurker Den  
  149  9:01  Roach x5  
  159  9:05  Overlord  
  159  9:08  Overlord  
  159  9:13  Overlord  
  159  9:14  Ravager x4  
  163  9:18  Drone x3  
  163  9:20  Overlord  
  163  9:23  Overlord  
  166  9:28  Roach x4  
  170  9:37  Roach x4  
  175  9:39  Roach  
  172  9:46  Roach x2  
  172  9:51  Roach x2  
  168  9:58  Roach  
  168  9:59  Roach x3  
  153  10:01  Roach  
  153  10:03  Roach  
  153  10:05  Roach  
  131  10:08  Roach  
  131  10:09  Roach  
  131  10:11  Roach  

Tags
 
Add a new tag
Caveats
  • Supply blocks, unpowered buildings, or Contaminate may cause inaccurate times.
  • Supply counts are checked every 10 seconds.